AoeStats
← Bliitzz67

Nomad

508659245Analyzed
3v3 RM · 10d ago on Sep 23, 2026· 49m 59s· 6 players
Game mode
Random Map
Map size
210×210
Population
200
Speed
Normal
Resources
Standard
Victory
Conquest
Starting age
Dark Age
Ending age
Imperial Age
RankedLock teamsTeams togetherTeam positionsShared explorationLock speedFull tech treeHidden civsTurbo modeCheats
Victory
Defeat
🇨🇭 Teutons · Switzerland
1045
+18
🇨🇭 Varangians · Switzerland
1035
+18
🇫🇷 Turks · France
1032
+18
🇹🇼 Varangians · Taiwan
1128
-21
🇹🇼 Persians · Taiwan
1065
-17
🇹🇼 Japanese · Taiwan
1043
-16
Bliitzz67
3:55 Loom
14:23 Feudal Age
27:07 Wheelbarrow
30:41 Castle Age
30:25 Horse Collar
40:58 Imperial Age
38:42 Double-Bit Axe
40:05 Ballistics
47:42 Bloodlines
47:33 Husbandry
47:48 Forging
47:45 Scale Barding Armor
47:32 Fletching
49:37 Hand Cart
49:30 Artillery
Dyragor
6:01 Loom
16:05 Feudal Age
17:21 Horse Collar
17:27 Double-Bit Axe
19:56 Castle Age
19:38 Fishing Lines
19:56 Stone Mining
24:51 Bloodlines
24:41 Husbandry
24:57 Forging
24:53 Scale Barding Armor
25:19 Bow Saw
29:08 Wheelbarrow
31:09 Medium Warships
31:22 Town Watch
34:47 Hand Cart
37:34 Iron Casting
37:48 Heavy Plow
41:14 Imperial Age
42:35 Elite Jarl
43:39 Conscription
43:19 Gold Mining
45:18 Two-Man Saw
49:20 Blast Furnace
48:40 Chain Barding Armor
48:11 Fletching
LittleNino
13:47 Feudal Age
12:05 Loom
16:52 Town Watch
20:04 Castle Age
20:28 Horse Collar
20:39 Gold Mining
20:41 Stone Mining
22:28 Stone Shaft Mining
21:54 Heavy Plow
24:19 Wheelbarrow
27:16 Forging
27:13 Scale Barding Armor
28:34 Squires
30:13 Double-Bit Axe
32:33 Bow Saw
33:29 Iron Casting
35:01 Scale Mail Armor
39:16 Imperial Age
37:08 Hand Cart
40:36 Town Patrol
41:47 Two-Man Saw
41:19 Crop Rotation
41:54 Blast Furnace
41:10 Chain Mail Armor
40:21 Man-at-Arms
40:49 Gambesons
41:26 Long Swordsman
42:55 Two-Handed Swordsman
44:43 Plate Mail Armor
46:28 Champion
48:44 Chain Barding Armor
xxchung109
6:13 Loom
14:23 Feudal Age
15:35 Man-at-Arms
19:50 Double-Bit Axe
21:03 Horse Collar
27:05 Castle Age
25:19 Forging
25:09 Scale Mail Armor
26:12 Scale Mail Armor
28:03 Gambesons
28:20 Squires
28:56 Iron Casting
28:36 Chain Mail Armor
29:35 Bow Saw
31:50 Wheelbarrow
31:54 Gold Mining
31:57 Stone Mining
39:33 Gold Shaft Mining
39:27 Hand Cart
38:58 Town Watch
41:16 Heavy Plow
45:52 Elite Skirmisher
47:01 Padded Archer Armor
47:29 Fletching
中山沙口
4:52 Loom
28:28 Feudal Age
32:40 Double-Bit Axe
39:30 Castle Age
42:13 Wheelbarrow
43:27 Horse Collar
46:58 Scale Barding Armor
qwe7377984
7:24 Loom
14:08 Feudal Age
19:25 Castle Age
18:14 Double-Bit Axe
19:28 Wheelbarrow
20:47 Fishing Lines
22:39 Town Watch
28:37 Gillnets
29:43 Horse Collar
30:24 Gold Mining
30:25 Stone Mining
34:45 Imperial Age
32:36 Hand Cart
32:59 Town Patrol
34:35 Murder Holes
34:45 Fletching
36:57 Treadmill Crane
38:19 Chemistry
37:28 Squires
38:23 Heavy Plow
39:23 Arson
40:11 Bodkin Arrow
40:17 Scale Mail Armor
40:28 Forging
40:19 Padded Archer Armor
41:17 Conscription
45:05 Elite Varangian Guard
45:13 Cranequins
45:14 Heavy Mounted Crossbowman
46:01 Bracer
46:17 Chain Mail Armor
47:19 Gambesons
50:45 Plate Mail Armor
50:51 Iron Casting
50:32 Leather Archer Armor
Connection lost

Rejoining the realm…

Still unreachable

The connection could not be restored.

Session expired

The server has moved on; the page needs a fresh start.